 Dungeon Crawl Stone Soup version 0.21.1-1-g345015fe64 (webtiles) character file.

6514 Roikka the Fighter (level 10, 0/88 HPs)
             Began as a Demonspawn Chaos Knight on July 17, 2018.
             Slain by Snorg (8 damage)
             ... on level 10 of the Dungeon.
             The game lasted 00:47:28 (10828 turns).

Roikka the Fighter (Demonspawn Chaos Knight)       Turns: 10828, Time: 00:47:29

Health: 0/88       AC: 13    Str: 16    XL:     10   Next: 69%
Magic:  10/10      EV: 18    Int: 18    God:    Xom [..*...]
Gold:   315        SH:  0    Dex: 18    Spells: 9/9 levels left

rFire    + . .     SeeInvis .   t - +6 glaive (chop)
rCold    + . .     Gourm    .   (shield currently unavailable)
rNeg     . . .     Faith    .   s - +3 scale mail {rC+}
rPois    .         Spirit   .   (no helmet)
rElec    .         Reflect  .   l - +0 cloak
rCorr    .         Harm     .   p - +0 pair of gloves
MR       ++...                  (no boots)
Stlth    +.........             (no amulet)
HPRegen  0.24/turn              J - ring of protection from magic
MPRegen  0.12/turn              z - ring of protection from fire

@: mighty, agile
A: talons 2, clever 1, demonic guardian 1, magic resistance 1, mutation
resistance 1, powered by pain 1, robust 1, weak 1, wild magic 2
a: Renounce Religion


You were on level 10 of the Dungeon.
You worshipped Xom.
You were a toy of Xom.
You were not hungry.

You visited 1 branch of the dungeon, and saw 10 of its levels.

You collected 469 gold pieces.
You spent 154 gold pieces at shops.

Inventory:

Hand Weapons
 a - a +0 spear of chaos
 t - a +6 glaive of chopping (weapon)
Missiles
 k - 14 tomahawks
 o - 3 javelins (quivered)
Armour
 f - a +0 plate armour
 l - a +0 cloak (worn)
 p - a +0 pair of gloves (worn)
 s - a +3 scale mail of cold resistance (worn)
 K - a +0 large shield
Magical Staves
 M - an uncursed staff of poison
Jewellery
 v - an uncursed ring of resist corrosion {unknown}
 z - a ring of protection from fire (right hand)
 J - a ring of protection from magic (left hand)
Wands
 r - a wand of scattershot (5)
 x - a wand of polymorph (8)
Scrolls
 b - 6 scrolls of amnesia
 h - 2 scrolls of magic mapping
 m - 3 scrolls of identify
 q - 8 scrolls of remove curse
 u - 6 scrolls of blinking
 w - 3 scrolls of teleportation
 y - a scroll of torment
 B - a scroll of fear
 D - 2 scrolls of enchant armour
 E - a scroll of immolation
Potions
 d - a potion of lignification
 e - a potion of agility
 g - 5 potions of curing
 i - 4 potions of brilliance
 j - a potion of invisibility {unknown}
 n - 3 potions of heal wounds
 A - a potion of magic
 G - 2 potions of mutation
 H - a potion of flight
Books
 I - a Young Poisoner's Handbook

   Spells                             Type                      Level
   a - Sting                          Conjuration/Poison           1
   b - Poisonous Vapours              Poison/Air                   2
   c - Mephitic Cloud                 Conjuration/Poison/Air       3
   d - Olgreb's Toxic Radiance        Poison                       4
   e - Venom Bolt                     Conjuration/Poison           5
Comestibles
 c - 22 rations
 C - 5 chunks of flesh


   Skills:
 * Level 8.3 Fighting
 * Level 8.1 Polearms
 * Level 7.7 Armour
 + Level 5.9 Dodging
 - Level 4.8 Shields


You had 9 spell levels left.
You didn't know any spells.

Dungeon Overview and Level Annotations

Branches:
Dungeon (10/15)            Temple (0/1) D:6
   Lair: D:8-11         Orc: D:9-12

Altars:
Ashenzari
Cheibriados
Dithmenos
Elyvilon
Fedhas
Gozag
Hepliaklqana
Makhleb
Qazlal
Ru
Sif Muna
Uskayaw
Vehumet
Xom

Shops:
D:5 ?

Annotations:
D:10 Snorg


Innate Abilities, Weirdness & Mutations

You have razor-sharp toenails.
A weak demonic guardian rushes to your aid.
You sometimes gain a little power by taking damage.
Your mind is acute. (Int +2)
You are resistant to hostile enchantments. (MR+)
You are somewhat resistant to further mutation.
You are robust. (+10% HP)
You are weak. (Str -2)
Your spells are harder to cast, but more powerful.


Message History

The orc wizard blinks!
Snorg bites you!! Snorg closely misses you. Snorg claws you!
You focus on the pain.
You feel very mighty all of a sudden. Snorg barely misses you. Snorg claws you!
* * * LOW HITPOINT WARNING * * *
Snorg claws you!
* * * LOW HITPOINT WARNING * * *
You see here 3 scrolls of immolation.
You open the door. Snorg barely misses you. Snorg claws you!
* * * LOW HITPOINT WARNING * * *
Snorg misses you.
The orc wizard hits you but does no damage.
The yak barely misses your iron imp.
Found 17 gold pieces.
A bullfrog zombie comes into view.
You are no longer glowing.
The orc wizard mumbles some strange words.
The orc wizard blinks!
Snorg bites you!
You die...
Xom guffaws!

#.........#Y#oY.......
#.......Y.#Y#YJ.......
#>........#o#...l.....
#.........#Yt.........
#.(...Y...###.........
######5#### ##.#######
#.ยง# .[# #T## #...
####@###### ##+#
#.....Z...#
#.........#
#.....$...+
#.........#
#.........#
#.........#
#.........#
###########


You could see Snorg (berserk), 2 yaks, a bullfrog zombie and a friendly iron
imp.

Vanquished Creatures
  A two-headed ogre (D:10)
  A troll (D:10)
  2 hornets (D:9)
  Grinder (D:5)
  A hippogriff (D:9)
  Sigmund (D:5)
  A steam dragon (D:9)
  A water moccasin (D:9)
  3 ice beasts
  A sky beast (D:9)
  A hornet zombie (D:5)
  2 black bears
  3 orc warriors
  A phantom (D:8)
  3 ogres
  3 centaurs
  2 big kobolds
  3 bullfrogs
  Dowan (D:4)
  3 scorpions
  5 killer bees
  2 crimson imps
  A centaur zombie (D:5)
  6 orc priests
  A jelly (D:6)
  A gnoll shaman (D:5)
  4 hounds
  Ijyb (D:4)
  3 bullfrog skeletons
  5 iguanas
  8 orc wizards
  5 worker ants
  A howler monkey zombie (D:10)
  2 worker ant zombies
  9 gnolls
  13 adders
  A shadow imp (D:6)
  3 adder zombies
  2 adder skeletons (D:4)
  7 worms
  2 dart slugs (D:1)
  A leopard gecko (D:4)
  20 orcs
  4 giant cockroaches
  3 goblins
  8 hobgoblins
  12 jackals
  14 kobolds
  2 quokkas
  10 bats
  7 frilled lizards
  7 rats
  A plant (D:3)
206 creatures vanquished.

Vanquished Creatures (collateral kills)
  A two-headed ogre (D:8)
  2 trolls
  A hungry ghost (D:8)
  Edmund (D:5)
  Duvessa (D:4)
  An ice beast (D:2)
  An ogre (D:9)
  A big kobold (D:4)
  Blork the orc (D:4)
  Crazy Yiuf (D:2)
  A gnoll (D:5)
  A worm (D:9)
  An orc (D:8)
  A jackal (D:9)
  A quokka (D:9)
16 creatures vanquished.

Vanquished Creatures (others)
  A killer bee (D:7)
  A quokka (D:9)
2 creatures vanquished.

Grand Total: 224 creatures vanquished

Notes
Turn   | Place    | Note
-------+----------+-------------------------------------------
     0 | D:1      | Roikka the Demonspawn Chaos Knight began the quest for the Orb.
     0 | D:1      | Reached XP level 1. HP: 18/18 MP: 1/1
    15 | D:1      | XOM: divination: detect creatures
    16 | D:1      | XOM: harmless Fire miscast
   113 | D:1      | XOM: potion effect (might)
   126 | D:1      | Reached skill level 1 in Dodging
   212 | D:1      | Gained mutation: You have sharp toenails. [demonic ancestry]
   212 | D:1      | Reached XP level 2. HP: 10/24 MP: 2/2
   737 | D:1      | XOM: cast spell 'Shadow Creatures'
  1063 | D:1      | XOM: scenery: create altars
  1096 | D:1      | XOM: give mutations
  1096 | D:1      | Gained mutation: You are robust. (+10% HP) [Xom's grace]
  1096 | D:1      | Gained mutation: You have a pair of small horns on your head. [Xom's grace]
  1096 | D:1      | Gained mutation: You have sharp fingernails. [Xom's grace]
  1268 | D:2      | Gained mutation: A weak demonic guardian rushes to your aid. [demonic ancestry]
  1268 | D:2      | Reached XP level 3. HP: 25/31 MP: 3/3
  1385 | D:2      | Noticed an ice beast
  1392 | D:2      | XOM: enchant monster (good)
  1425 | D:2      | Killed an ice beast
  1425 | D:2      | Gained mutation: You sometimes gain a little power by taking damage. [demonic ancestry]
  1425 | D:2      | Reached XP level 4. HP: 25/39 MP: 4/4
  1498 | D:2      | XOM: smoke on damage
  1657 | D:2      | Reached XP level 5. HP: 45/46 MP: 5/5
  1880 | D:2      | Found an opulent altar of Gozag.
  1972 | D:2      | Found a hazy altar of Hepliaklqana.
  1973 | D:2      | XOM: give mutations
  1973 | D:2      | Lost mutation: You have a pair of small horns on your head. [Xom's mischief]
  1973 | D:2      | Lost mutation: You have sharp fingernails. [Xom's mischief]
  2040 | D:2      | Found a runed door.
  2044 | D:2      | Noticed Crazy Yiuf
  2048 | D:2      | Killed Crazy Yiuf
  2141 | D:2      | XOM: polymorph adder -> iguana
  2456 | D:3      | XOM: snakes to sticks
  2459 | D:3      | Reached XP level 6. HP: 45/52 MP: 6/6
  2480 | D:3      | XOM: give mutations
  2480 | D:3      | Gained mutation: Your spells are a little harder to cast, but a little more powerful. [Xom's grace]
  2480 | D:3      | Gained mutation: You have a pair of small horns on your head. [Xom's grace]
  2480 | D:3      | Gained mutation: You evolve. [Xom's grace]
  2480 | D:3      | Gained mutation: You possess an exceptional clarity of mind. [Xom's grace]
  2493 | D:3      | XOM: god gift: scroll of amnesia
  2755 | D:3      | XOM: mild Conj miscast
  2828 | D:3      | XOM: summons 2 hostile demons
  2887 | D:3      | Found a stormy altar of Qazlal.
  2969 | D:3      | Found a blossoming altar of Fedhas.
  3001 | D:3      | XOM: mild Hex miscast
  3264 | D:4      | Noticed Blork the orc
  3264 | D:4      | XOM: cast spell 'Dispersal'
  3273 | D:4      | Killed Blork the orc
  3561 | D:4      | XOM: harmless Conj miscast
  3600 | D:4      | Noticed Duvessa
  3608 | D:4      | Noticed Dowan
  3621 | D:4      | Killed Duvessa
  3621 | D:4      | Reached skill level 1 in Shields
  3623 | D:4      | XOM: harmless Summ miscast
  3629 | D:4      | Reached skill level 5 in Polearms
  3629 | D:4      | Gained mutation: You have razor-sharp toenails. [demonic ancestry]
  3629 | D:4      | Reached XP level 7. HP: 29/60 MP: 7/7
  3633 | D:4      | Killed Dowan
  4072 | D:4      | Noticed Ijyb
  4092 | D:4      | Killed Ijyb
  4169 | D:4      | XOM: harmless Air miscast
  4655 | D:5      | Entered Level 5 of the Dungeon
  4658 | D:5      | XOM: harmless Erth miscast
  4705 | D:5      | Noticed Sigmund
  4706 | D:5      | Found a shimmering altar of Xom.
  4723 | D:5      | Killed Sigmund
  4915 | D:5      | Reached XP level 8. HP: 66/67 MP: 8/8
  5056 | D:5      | Reached skill level 5 in Fighting
  5091 | D:5      | Found Ytysch's Magic Scroll Emporium.
  5107 | D:5      | Bought a scroll of torment for 105 gold pieces
  5107 | D:5      | Bought a scroll of fear for 49 gold pieces
  5215 | D:5      | XOM: harmless Ice miscast
  5261 | D:5      | Noticed Edmund
  5275 | D:5      | Killed Edmund
  5302 | D:5      | Noticed Grinder
  5312 | D:5      | Killed Grinder
  5338 | D:5      | XOM: cloud trail
  5363 | D:5      | XOM: divination: detect items
  5417 | D:5      | Found a snail-covered altar of Cheibriados.
  5849 | D:6      | Found a staircase to the Ecumenical Temple.
  5959 | D:6      | XOM: give mutations
  5959 | D:6      | Gained mutation: Your spells are harder to cast, but more powerful. [Xom's mischief]
  5959 | D:6      | Lost mutation: You possess an exceptional clarity of mind. [Xom's mischief]
  5959 | D:6      | Gained mutation: You are weak. (Str -2) [Xom's mischief]
  5986 | D:6      | Found a shattered altar of Ashenzari.
  6254 | D:6      | Found a hide-covered altar of Uskayaw.
  6258 | D:6      | Found a deep blue altar of Sif Muna.
  6433 | D:6      | Reached skill level 5 in Armour
  6662 | D:6      | XOM: cloud trail
  6770 | D:7      | XOM: scenery: create altars
  6834 | D:7      | XOM: confuse monster(s)
  6845 | D:7      | Lost mutation: You have a pair of small horns on your head. [evolution]
  6862 | D:7      | XOM: potion effect (heal wounds)
  6871 | D:7      | XOM: enchant monster (good)
  6873 | D:7      | XOM: confuse monster(s)
  6885 | D:7      | XOM: smoke on damage
  6897 | D:7      | Reached XP level 9. HP: 27/75 MP: 9/9
  7619 | D:7      | XOM: give mutations
  7619 | D:7      | Lost mutation: You evolve. [Xom's grace]
  7619 | D:7      | Gained mutation: You are somewhat resistant to further mutation. [Xom's grace]
  7619 | D:7      | Gained mutation: Your mind is acute. (Int +2) [Xom's grace]
  7619 | D:7      | Gained mutation: You are resistant to hostile enchantments. (MR+) [Xom's grace]
  8072 | D:8      | XOM: severe Hex miscast
  8123 | D:8      | XOM: chaos cloud
  8132 | D:8      | XOM: summons 3 friendly demons
  8163 | D:8      | XOM: smoke on damage
  8317 | D:8      | XOM: cloud trail
  8443 | D:8      | Found a radiant altar of Vehumet.
  8444 | D:8      | Found a burning altar of Makhleb.
  8537 | D:8      | Found a shimmering altar of Xom.
  8539 | D:8      | Found a shimmering altar of Xom.
  8541 | D:8      | Found a shimmering altar of Xom.
  8542 | D:8      | Found a shimmering altar of Xom.
  8543 | D:8      | Found a shimmering altar of Xom.
  8543 | D:8      | Found a shimmering altar of Xom.
  8543 | D:8      | Noticed a troll
  8555 | D:8      | Killed a troll
  8561 | D:8      | XOM: god gift: curved glowing staff {god gift}
  8582 | D:8      | Found a shimmering altar of Xom.
  8666 | D:8      | Found a sacrificial altar of Ru.
  8693 | D:8      | Noticed a two-headed ogre
  8706 | D:8      | XOM: enchant monster (bad)
  8721 | D:8      | XOM: summons 4 friendly demons
  8733 | D:8      | Killed a two-headed ogre
  8733 | D:8      | Reached skill level 5 in Dodging
  8963 | D:8      | Identified a scroll of acquirement
  8996 | D:8      | XOM: summons 3 friendly demons
  9231 | D:9      | XOM: mild Conj miscast
  9444 | D:9      | XOM: cloud trail
  9714 | D:9      | Paralysed by a hornet for 2 turns
  9720 | D:9      | Reached XP level 10. HP: 70/86 MP: 10/10
  9938 | D:9      | XOM: blink monster(s)
 10138 | D:9      | XOM: scenery: create altars
 10252 | D:9      | Found a white marble altar of Elyvilon.
 10292 | D:9      | Found a shadowy altar of Dithmenos.
 10449 | D:9      | XOM: harmless Conj miscast
 10596 | D:10     | Entered Level 10 of the Dungeon
 10597 | D:10     | XOM: noise
 10677 | D:10     | Noticed a two-headed ogre
 10680 | D:10     | Killed a two-headed ogre
 10802 | D:10     | XOM: 2-stop teleportation journey
 10804 | D:10     | XOM: mild Chrm miscast
 10816 | D:10     | Noticed Snorg
 10828 | D:10     | Slain by Snorg

Skill      XL: |  1  2  3  4  5  6  7  8  9 10 |
---------------+-------------------------------+-----
Dodging        | 1 2 3 4 5 |  5.9
Polearms       | 3 4 5 6 7 8 |  8.1
Armour         | 2 3 5 6 7 |  7.7
Fighting       | 4 6 7 8 |  8.3
Shields        | 1 2 3 4 |  4.8

Action                   |  1- 3 |  4- 6 |  7- 9 | 10-12 || total
-------------------------+-------+-------+-------+-------++-------
Melee: Spear             |    89 |   167 |    18 |       ||   274
       Kick              |     8 |    49 |   117 |    14 ||   188
       Headbutt          |     1 |    23 |    36 |       ||    60
       Trident           |       |    66 |   470 |       ||   536
       Unarmed           |       |       |     3 |       ||     3
       Glaive            |       |       |    45 |   105 ||   150
Throw: Javelin           |       |     9 |    15 |    10 ||    34
       Tomahawk          |       |       |       |     5 ||     5
  Use: Scroll            |       |     5 |    16 |     2 ||    23
 Stab: Petrifying        |     1 |     1 |       |       ||     2
       Petrified         |     2 |       |     4 |       ||     6
       Paralysed         |       |     6 |     1 |       ||     7
       Distracted        |       |     1 |     2 |       ||     3
       Sleeping          |       |     1 |       |       ||     1
  Eat: Chunk             |     2 |     7 |    17 |     4 ||    30
       Ration            |       |       |     1 |       ||     1
Armor: Leather armour    |    16 |     7 |       |       ||    23
       Chain mail        |       |    33 |       |       ||    33
       Scale mail        |       |    27 |   171 |    56 ||   254
       Skin              |       |       |     1 |       ||     1
       Plate armour      |       |       |    25 |       ||    25
Dodge: Dodged            |    41 |    54 |   153 |    80 ||   328
Block: Buckler           |       |    14 |    50 |       ||    64
       Large shield      |       |       |    96 |       ||    96
